 Dungeon Crawl Stone Soup version 0.21-a0-442-g848f44b (webtiles) character file.

69 Autsider the Firebug (level 4, -16/24 HPs)
             Began as a Gargoyle Fire Elementalist on Nov 15, 2017.
             Killed from afar by Autsider's ghost (23 damage)
             ... with a flame tongue
             ... on level 3 of the Dungeon.
             The game lasted 00:04:39 (2175 turns).

Autsider the Firebug (Gargoyle Fire Elementalist)   Turns: 2175, Time: 00:04:39

Health: -16/24     AC:  5    Str: 11    XL:     4   Next: 20%
Magic:  7/7        EV: 12    Int: 17    God:
Gold:   62         SH:  0    Dex: 10    Spells: 4/8 levels left

rFire    . . .     SeeInvis .   e - +1 whip (elec)
rCold    . . .     Gourm    .   (no shield)
rNeg     + . .     Faith    .   a - +0 robe
rPois    ∞         Spirit   .   (no helmet)
rElec    +         Reflect  .   (no cloak)
rCorr    .         Harm     .   (no gloves)
MR       .....                  (no boots)
Stlth    ++........             (no amulet)
HPRegen  0.08/turn              (no ring)
MPRegen  0.10/turn              (no ring)

@: no status effects
A: negative energy resistance 1, electricity resistance, unbreathing,
petrification resistance, rot immunity, AC +3
a: no special abilities


You were on level 3 of the Dungeon.
You were not hungry.

You visited 1 branch of the dungeon, and saw 4 of its levels.

You collected 62 gold pieces.

Inventory:

Hand Weapons
 e - a +1 whip of electrocution (weapon)
Armour
 a - a +0 robe (worn)
 r - a +0 leather armour
Jewellery
 j - a +5 amulet of reflection {unknown}
 t - an uncursed ring of protection from magic {unknown}
 u - a +3 ring of protection {unknown}
Wands
 s - a wand of random effects (18/48)
Scrolls
 g - 2 scrolls of noise {unknown}
 h - a scroll of magic mapping {unknown}
 m - a scroll of amnesia {unknown}
 n - a scroll of teleportation {unknown}
 p - a scroll of identify {unknown}
Potions
 f - a potion of brilliance {unknown}
 i - a potion of flight {unknown}
 k - a potion of heal wounds {unknown}
 q - 2 potions of curing {unknown}
Books
 b - a book of Flames

   Spells                             Type                      Level
   a - Flame Tongue                   Conjuration/Fire             1
   b - Throw Flame                    Conjuration/Fire             2
   c - Conjure Flame                  Conjuration/Fire             3
   d - Inner Flame                    Hexes/Fire                   3
   e - Sticky Flame                   Conjuration/Fire             4
   f - Fireball                       Conjuration/Fire             5
Comestibles
 c - 2 bread rations
 d - a meat ration
 l - 2 royal jellies


   Skills:
 - Level 1.5 Dodging
 - Level 2.1 Stealth
 + Level 2.5 Spellcasting
 * Level 3.1 Conjurations
 + Level 3.5 Fire Magic


You had 4 spell levels left.
You knew the following spells:

 Your Spells              Type           Power        Failure   Level  Hunger
a - Flame Tongue          Conj/Fire      ##...        4%          1    #......
b - Inner Flame           Hex/Fire       #.......     26%         3    ###....


Dungeon Overview and Level Annotations

Branches:
Dungeon (4/15)
 Temple: D:4-7

Altars:

Annotations:
D:3 Autsider's ghost, amateur GrFE


Innate Abilities, Weirdness & Mutations

You are resistant to torment.
Your stone body is resilient. (AC +3)
You are immune to poison.
You resist negative energy. (rN+)
You are resistant to electric shocks. (rElec)
You can survive without breathing.
You are immune to petrification.
You are immune to rotting.


Message History

Here: Autsider's ghost, wielding a vorpal weapon The floor.
You hit the dart slug.
Lightning courses through the dart slug!
You kill the dart slug!
You barely miss Autsider's ghost. Autsider's ghost casts a spell at you.
The flame tongue hits you!
You hit Autsider's ghost.
Autsider's ghost is lightly damaged.
Autsider's ghost hits you.
You hit Autsider's ghost but do no damage.
Autsider's ghost is lightly damaged.
Autsider's ghost hits you!
* * * LOW HITPOINT WARNING * * *
You can't go up here!
Autsider's ghost points at you and mumbles some strange words.
The flame tongue hits you!
Ouch! That really hurt!
You die...

### . ..#
.. #.# ...
#.# ....
#.# .....
#.#
......###.#
......÷.W@#
......###<#
##... #.#
#... ..#
#.. ##.# ..
... . ##+


You could see Autsider's ghost.

Vanquished Creatures
  2 adders (D:2)
  A worm (D:2)
  2 dart slugs
  A leopard gecko (D:2)
  5 bats
  A giant cockroach (D:2)
  4 goblins
  3 hobgoblins (D:1)
  11 jackals
  A quokka (D:2)
  3 frilled lizards
  4 kobolds
  A rat (D:1)
39 creatures vanquished.

Notes
Turn   | Place    | Note
-------+----------+-------------------------------------------
     0 | D:1      | Autsider the Gargoyle Fire Elementalist began the quest for the Orb.
     0 | D:1      | Reached XP level 1. HP: 10/10 MP: 3/3
   120 | D:1      | Reached XP level 2. HP: 15/15 MP: 5/5
   818 | D:1      | Reached XP level 3. HP: 19/19 MP: 4/6
  1190 | D:2      | Learned a level 3 spell: Inner Flame
  1697 | D:2      | Reached XP level 4. HP: 15/24 MP: 1/7
  1907 | D:3      | Noticed Autsider's ghost (amateur GrFE)
  2175 | D:3      | Killed from afar by Autsider's ghost

Vault maps used:
D:1:      roderic_dead_forest, minmay_misc_feat_nine_boxes, minivault_25,
          minmay_misc_feat_secret_circle
D:2:      first_bread
D:3:      nicolae_ru_awakened_eye, nemelex_altar_shiori, uniq_ijyb
D:4:      minitemple, hangedman_minor_gate_pass

Skill      XL: |  1  2  3 |
---------------+----------+-----
Conjurations   | 2 3 |  3.1
Dodging        | |  1.5
Stealth        | |  2.1
Spellcasting   | |  2.5
Fire Magic     | |  3.5

Action                   |  1- 3 |  4- 6 || total
-------------------------+-------+-------++-------
Melee: Unarmed           |     3 |       ||     3
       Whip              |    69 |     8 ||    77
 Cast: Flame Tongue      |    22 |     4 ||    26
       Inner Flame       |       |     1 ||     1
 Stab: Sleeping          |     4 |       ||     4
  Eat: Chunk             |     2 |     2 ||     4
Armor: Robe              |    23 |       ||    23
Dodge: Dodged            |    45 |     8 ||    53

Table legend:
 A = Spawn XP
 B = Non-spawn XP
 C = Spawn XP percentage of total XP
 D = Spawn monster count
 E = Non-spawn monster count
 F = Spawn count percentage of total count
 G = Total turns spent on level
                    A         B        C        D         E        F      G
               +---------+---------+-------+---------+---------+-------+---------
         Total |       0 |      99 |   0.0 |       0 |      39 |   0.0 |  2175
               +---------+---------+-------+---------+---------+-------+---------
           D:1 |       0 |      35 |   0.0 |       0 |      20 |   0.0 |  1008
           D:2 |       0 |      54 |   0.0 |       0 |      15 |   0.0 |   896
           D:3 |       0 |      10 |   0.0 |       0 |       4 |   0.0 |    21
               +---------+---------+-------+---------+---------+-------+---------
